 Dungeon Crawl Stone Soup version 0.16.1-18-g436b03c (webtiles) character file.

1535 tesudzi the Basher (level 8, 0/66 HPs)
             Began as a Deep Dwarf Gladiator on May 12, 2015.
             Was an Initiate of Kikubaaqudgha.
             Slain by a goliath beetle (14 damage)
             ... on level 7 of the Dungeon.
             The game lasted 00:18:05 (5042 turns).

tesudzi the Basher (Deep Dwarf Gladiator)           Turns: 5042, Time: 00:18:07

Health: 0/66       AC: 18    Str: 20    XL:     8   Next: 55%
Magic:  7/7        EV:  6    Int: 10    God:    Kikubaaqudgha [......]
Gold:   260        SH:  3    Dex: 13    Spells: 0 memorised, 7 levels left

rFire  + . .     SeeInvis .     a - +0 flail
rCold  . . .     Clarity  .     l - +3 plate armour {rF+}
rNeg   . . .     SustAb   .     H - +0 buckler
rPois  +         Gourm    .     c - +0 helmet
rElec  .         Spirit   .     (no cloak)
rCorr  .         Warding  .     F - +0 pair of gloves
rMut   .         Stasis   +     (no boots)
MR     +....                    t - amulet of stasis
Stlth  ..........               (no ring)
                                (no ring)

@: non-regenerating, somewhat resistant to hostile enchantments, extremely
unstealthy
A: damage resistance, recharge devices, blurry vision 1, deterioration 1, sense
surroundings 1, poison resistance, screaming 1, slow healing 3, placid magic 1
a: Device Recharging, Renounce Religion


You were on level 7 of the Dungeon.
You worshipped Kikubaaqudgha.
Kikubaaqudgha was noncommittal.
You were not hungry.

You visited 1 branch of the dungeon, and saw 7 of its levels.

You collected 358 gold pieces.
You spent 98 gold pieces at shops.

Inventory:

Hand weapons
 a - a +0 flail (weapon)
 E - a +0 arbalest
Missiles
 d - 3 throwing nets
 j - 20 poisoned needles
 C - 11 javelins (quivered)
Armour
 c - a +0 helmet (worn)
 l - a +3 plate armour of fire resistance (worn)
 m - a +0 plate armour
 n - a +0 helmet
 v - a +0 leather armour
 B - a +0 helmet
 F - a +0 pair of gloves (worn)
 H - a +0 buckler (worn)
 K - a +0 cloak
Magical staves
 u - an uncursed staff of death
Jewellery
 t - an amulet of stasis (around neck)
 A - an uncursed ring of magical power {unknown}
Magical devices
 e - a wand of heal wounds (1)
 k - a wand of confusion (36)
Scrolls
 b - 3 scrolls of enchant weapon {unknown}
 g - 2 scrolls of remove curse
 o - a scroll of amnesia {unknown}
 p - a scroll of immolation {unknown}
 q - a scroll of identify
 r - a scroll of fog {unknown}
 w - a scroll of torment {unknown}
 y - a scroll of recharging
 D - a scroll of enchant armour {unknown}
Potions
 h - a potion of cancellation
 i - a potion of haste
 G - a potion of invisibility
Comestibles
 f - 3 bread rations
 x - 2 meat rations
 z - 2 beef jerkies
 J - 8 fruits


   Skills:
 - Level 1.7 Fighting
 + Level 9.4 Maces & Flails
 - Level 1.7 Throwing
 - Level 6.4 Armour
 - Level 3.2 Dodging


You had 7 spell levels left.
You didn't know any spells.

Dungeon Overview and Level Annotations

Branches:
Dungeon (7/15)
 Temple: D:4-7

Altars:
Cheibriados
Kikubaaqudgha
Nemelex Xobeh
Okawaru
Vehumet

Shops:
D:6 *

Annotations:
D:7 Dowan


Innate Abilities, Weirdness & Mutations

You are resistant to damage.
You can recharge devices by infusing magical energy.
You passively map a small area around you.
You do not heal naturally.
Scrolls take you a little longer to read.
Your body is slowly deteriorating.
Your system is resistant to poisons.
You occasionally shout uncontrollably at your foes.
Your spells are a little easier to cast, but a little less powerful.


Message History

Dowan hits you but does no damage. You block the goliath beetle's attack.
You closely miss Dowan.
Dowan is severely wounded.
Dowan hits you but does no damage. Dowan hits you with a dagger.
You hit Dowan.
Dowan is severely wounded.
Dowan breathes, "And she was my only..."
Dowan hits you but does no damage. The goliath beetle bites you.
You closely miss Dowan.
Dowan is severely wounded.
Dowan hits you but does no damage.
You closely miss Dowan.
Dowan is severely wounded.
Dowan hits you but does no damage. Dowan gestures at you while chanting.
The stone arrow hits you!
* * * LOW HITPOINT WARNING * * *
The goliath beetle bites you!
You die...
Kikubaaqudgha rasps: "You have failed me!
Welcome... death!"

#### *# * #..#
.... ###..###
....>
.####......
*......
..........
......#
........)#
*..... , #..#..#
... ,##.>.(.#
###e# *
,,#...<..# #.@.#
,,#.#...B###B###
?#.#(...##.)#
,.........##.##
..#......$..####
,
........<......#
#############.##
,,.# , * , # *


You could see a goliath beetle and Dowan.

Vanquished Creatures
  A black bear (D:6)
  An ogre (D:4)
  2 orc warriors (D:6)
  A phantom (D:6)
  A centaur (D:6)
  A wasp (D:4)
  Duvessa (D:7)
  A giant frog (D:6)
  A goliath beetle (D:6)
  3 crimson imps
  3 hounds
  A quasit (D:4)
  2 jellies
  An orc priest (D:6)
  3 orc wizards
  An iguana (D:4)
  A centaur skeleton (D:6)
  2 worker ants
  Ijyb (D:4)
  A hound zombie (D:6)
  6 adders
  A giant mite (D:5)
  5 worms
  2 giant geckos
  9 orcs
  11 bats
  A bat zombie (D:5)
  2 giant cockroaches
  7 hobgoblins
  7 jackals
  A ball python (D:6)
  A giant gecko skeleton (D:4)
  3 giant newts
  15 goblins
  12 kobolds
  5 quokkas
  11 rats
128 creatures vanquished.

Vanquished Creatures (others)
  An orc wizard (D:6)
1 creature vanquished.

Grand Total: 129 creatures vanquished

Notes
Turn   | Place    | Note
--------------------------------------------------------------
     0 | D:1      | tesudzi, the Deep Dwarf Gladiator, began the quest for the Orb.
     0 | D:1      | Reached XP level 1. HP: 19/19 MP: 1/1
   278 | D:1      | Reached XP level 2. HP: 19/26 MP: 2/2
   666 | D:2      | Reached skill level 4 in Maces & Flails
   727 | D:2      | Reached XP level 3. HP: 23/32 MP: 3/3
  1238 | D:2      | Reached skill level 5 in Maces & Flails
  1238 | D:2      | Reached XP level 4. HP: 31/39 MP: 4/4
  1441 | D:2      | Found a snail-covered altar of Cheibriados.
  1854 | D:3      | Reached skill level 1 in Armour
  1963 | D:3      | Reached XP level 5. HP: 30/45 MP: 5/5
  2748 | D:4      | Noticed a wasp
  2757 | D:4      | Killed a wasp
  2757 | D:4      | Reached skill level 6 in Maces & Flails
  2757 | D:4      | Reached XP level 6. HP: 23/52 MP: 6/6
  3182 | D:4      | Noticed Ijyb
  3213 | D:4      | Killed Ijyb
  3226 | D:4      | Noticed an ogre
  3252 | D:4      | Killed an ogre
  3252 | D:4      | Reached XP level 7. HP: 32/58 MP: 7/7
  3563 | D:4      | Reached skill level 7 in Maces & Flails
  3613 | D:5      | Entered Level 5 of the Dungeon
  3613 | D:5      | Found an iron altar of Okawaru.
  3769 | D:5      | Reached skill level 5 in Armour
  3914 | D:5      | Gained mutation: Your body is slowly deteriorating. [potion of mutation]
  3914 | D:5      | Gained mutation: Your spells are a little easier to cast, but a little less powerful. [potion of mutation]
  3914 | D:5      | Gained mutation: Scrolls take you a little longer to read. [potion of mutation]
  4315 | D:6      | Reached XP level 8. HP: 34/66 MP: 7/7
  4377 | D:6      | Reached skill level 8 in Maces & Flails
  4391 | D:6      | Found an ancient bone altar of Kikubaaqudgha.
  4399 | D:6      | Became a worshipper of Kikubaaqudgha
  4635 | D:6      | Reached skill level 9 in Maces & Flails
  4752 | D:6      | Found a radiant altar of Vehumet.
  4775 | D:6      | Found a sparkling altar of Nemelex Xobeh.
  4818 | D:6      | Found Qoill's Assorted Antiques.
  4828 | D:6      | Bought a potion of mutation for 72 gold pieces
  4828 | D:6      | Gained mutation: You occasionally shout uncontrollably at your foes. [potion of mutation]
  4828 | D:6      | Gained mutation: Your system is resistant to poisons. [potion of mutation]
  4831 | D:6      | Bought a bubbling brown potion for 26 gold pieces
  4931 | D:7      | Noticed Duvessa
  4933 | D:7      | Noticed Dowan
  5017 | D:7      | Killed Duvessa
  5042 | D:7      | Slain by a goliath beetle

Action                   |  1- 3 |  4- 6 |  7- 9 || total
-------------------------+-------+-------+-------++-------
Melee: Flail             |   129 |   216 |   329 ||   674
Throw: Javelin           |       |       |     8 ||     8
 Abil: Device Recharging |       |       |     1 ||     1
Evoke: Wand              |     1 |     1 |     7 ||     9
  Use: Potion            |       |     2 |    10 ||    12
       Scroll            |       |     1 |     4 ||     5
 Stab: Confused          |       |       |     1 ||     1
       Fleeing           |       |       |     1 ||     1
  Eat: Chunk             |     1 |     7 |     6 ||    14
